 Dungeon Crawl Stone Soup version 0.30-a0-1103-g25895a7845 (webtiles) character file.

Game seed: 1004282508400149450

12685 jasper the Grappler (level 11, -2/109 HPs)
             Began as a Troll Fighter on Apr 18, 2023.
             Succumbed to Nessos's poison
             ... on level 3 of the Lair of Beasts.
             The game lasted 00:17:13 (7692 turns).

jasper the Grappler (Troll Fighter)                 Turns: 7692, Time: 00:17:14

Health: -2/109     AC:  9    Str: 26    XL:     11   Next: 65%
Magic:  10/10      EV: 15    Int:  8    God:
Gold:   363        SH:  9    Dex:  9    Spells: 5/10 levels left

rFire   + . .      SeeInvis .      - Unarmed
rCold   . . .      Faith    .    b - +0 kite shield
rNeg    . . .      Spirit   .    k - +0 steam dragon scales
rPois   .          Reflect  .    x - +2 hat
rElec   .          Rampage  .    (no cloak)
rCorr   .                        (gloves unavailable)
Will    .....                    (boots unavailable)
Stlth   +                        (no amulet)
HPRegen 1.18/turn                B - ring of protection from fire
MPRegen 0.12/turn                w - +5 ring of evasion

@: lethally poisoned (-2 -> -21)
A: large, unfitting armour, claws 3, regeneration 1, shaggy fur 1, tough skin 1
a: no special abilities


You were on level 3 of the Lair of Beasts.
You visited 3 branches of the dungeon, and saw 16 of its levels.

You collected 363 gold pieces.

Inventory:

Missiles
 n - 6 curare-tipped darts (quivered)
 y - 29 stones
 C - 3 atropa-tipped darts
Armour
 a - a +0 robe
 b - a +0 kite shield (worn)
 k - +0 steam dragon scales (worn)
 x - a +2 hat (worn)
Jewellery
 h - a ring of flight
 w - a +5 ring of evasion (right claw)
 B - a ring of protection from fire (left claw)
Wands
 u - a wand of paralysis (11)
Scrolls
 d - 5 scrolls of teleportation
 f - a scroll of enchant weapon
 g - 5 scrolls of vulnerability
 j - a scroll of silence
 l - a scroll of fear
 s - a scroll of enchant armour
 z - 2 scrolls of amnesia
Potions
 c - 4 potions of brilliance
 o - 2 potions of degeneration
 q - 3 potions of mutation
 r - a potion of ambrosia
 t - a potion of magic
 v - 5 potions of haste


   Skills:
 + Level 7.4 Fighting
 - Level 3.0 Throwing
 + Level 7.4 Dodging
 + Level 8.1 Shields
 * Level 12.0 Unarmed Combat


You had 5 spell levels left.
You knew the following spells:

 Your Spells              Type           Power      Damage    Failure   Level
a - Blink                 Tloc           0%         N/A       78%         2
b - Beastly Appendage     Tmut           0%         N/A       65%         1
c - Wereblood             Tmut           0%         N/A       78%         2

Your spell library contained the following spells:

 Spells                   Type           Power      Damage    Failure   Level
 Sandblast                Erth           0%         2d4       65%         1
 Lesser Beckoning         Tloc           0%         N/A       78%         2
 Momentum Strike          Conj/Tloc      0%         3d8       78%         2
 Passwall                 Tmut/Erth      0%         N/A       78%         2
 Spider Form              Tmut/Pois      0%         N/A       95%         3
 Stone Arrow              Conj/Erth      0%         3d7       95%         3
 Vhi's Electric Charge    Tloc/Air       0%         N/A       95%         3
 Volatile Blastmotes      Fire/Tloc      0%         2d10      95%         3
 Cause Fear               Hex            0%         N/A       100%        4
 Fulminant Prism          Conj/Hex       0%         3d5       100%        4
 Iskenderun's Mystic Bla  Conj/Tloc      0%         2d3       100%        4
 Arcjolt                  Conj/Air       0%         1d10      100%        5
 Lee's Rapid Deconstruct  Erth           0%         3d4*      100%        5
 Dragon Form              Tmut           0%         N/A       100%        7
 Maxwell's Capacitive Co  Air            0%         ∞         100%        8
 Dragon's Call            Summ           0%         N/A       100%        9


Dungeon Overview and Level Annotations

Branches:
Dungeon (11/15)            Temple (0/1) D:7            Lair (5/5) D:11
 Spider (0/4) Lair:3        Slime (1/5) Lair:4
  Swamp: Lair:2-3    Shoals: Lair:2-3       Orc: D:9-12

Altars:
Cheibriados
Hepliaklqana
Trog
Uskayaw
Xom

Shops:
D:1 ?

Annotations:
Lair:1 exclusion: oklob plant
Lair:3 Nessos


Innate Abilities, Weirdness & Mutations

You are too large for most types of armour.
You have claws for hands.
Your natural rate of healing is unusually fast.
You are covered in fur. (AC +1)
You have tough skin. (AC +1)


Message History

The black mamba poisons you!
You take 6 damage, and have 61/109 hp.
The water moccasin attacks as you move away!
The water moccasin barely misses you.
You feel very sick.
Nessos mumbles some strange words.
Nessos seems to speed up.
The black mamba bites you.
You take 8 damage, and have 53/109 hp.
The water moccasin attacks as you move away!
You block the water moccasin's attack.
You feel very sick.
You take 2 damage, and have 51/109 hp.
You feel very sick.
Nessos wields a +1 longbow of flaming.
It bursts into flame!
Nessos shoots an arrow.
The arrow barely misses you.
You take 2 damage, and have 49/109 hp.
You feel sick.
Nessos shoots an arrow.
The arrow hits you!
* * * LOW HITPOINT WARNING * * *
The arrow burns you.
You are more poisoned.
* * * LOW HITPOINT WARNING * * *
Nessos mumbles some strange words.
Nessos blinks!
You block the black mamba's attack.
You see here a komodo dragon skeleton.
You take 20 damage, and have 29/109 hp.
Blink to where?
Press: ? - help, Dir - move target
As you read the scroll of blinking, it crumbles to dust.
You feel very sick.
Nessos pounds the earth with their hooves.
Nessos shoots an arrow.
The arrow hits you!
* * * LOW HITPOINT WARNING * * *
Nessos shoots an arrow.
The arrow hits you!
* * * LOW HITPOINT WARNING * * *
The arrow burns you.
You are more poisoned.
* * * LOW HITPOINT WARNING * * *
Nessos shoots an arrow.
The arrow misses you.
You take 25 damage, and have 4/109 hp.
MASSIVE DAMAGE!!
You die...

########### ##* ### ###.##.##.##P
##.###.###............ ****
######......##.#.÷.........
*,,*##.#....##........c###......
**,,,,.......###@....SS.#.###.##.
*,,,,,*#..##.#...##..#..÷###...P.
**,****,#.P#.PP..###..§..........
*,* **#......P###.#P.#.§.......
*,* **#P..##...#*######.####.P##
**,***,#...##....#** *#..,#P(##
*,,*,,.....##......# *..##...#
**,,.P###.##..#...## #......##
*,..***.#,#..##..# ##.PP.#*


You could see Nessos (fast), a black mamba and a water moccasin.

Vanquished Creatures
  A hydra (Lair:4)
  A boulder beetle (D:11)
  A skyshark (Lair:4)
  2 elephants (Lair:3)
  An ugly thing (D:11)
  A black mamba (Lair:4)
  2 cane toads (Lair:1)
  2 rime drakes
  3 komodo dragons
  A troll (D:11)
  2 polar bears
  A hornet (D:8)
  3 wyverns
  A wraith (D:11)
  7 yaks
  2 steam dragons (D:8)
  A basilisk (Lair:4)
  4 vampire mosquitoes (D:11)
  3 wargs (D:11)
  8 water moccasins
  An orc warrior (D:9)
  4 black bears
  9 wolves
  2 centaurs
  4 bullfrogs
  A gnoll sergeant (D:8)
  2 scorpions
  5 wights (D:7)
  5 howler monkeys
  A hound (D:3)
  3 jellies
  6 orc priests
  A gnoll bouda (D:7)
  2 iguanas
  9 orc wizards
  9 gnolls
  5 adders
  A white imp (D:5)
  An ufetubus (D:7)
  2 worms
  4 dart slugs
  27 orcs
  7 ball pythons
  4 endoplasms
  6 giant cockroaches
  6 goblins
  8 hobgoblins
  6 jackals
  8 kobolds
  3 quokkas
  4 bats
  3 frilled lizards
  12 rats
218 creatures vanquished.

Vanquished Creatures (others)
  A bush (Lair:4)
  13 fungi
  14 plants
28 creatures vanquished.

Grand Total: 246 creatures vanquished

Notes
Turn   | Place    | Note
-------+----------+-------------------------------------------
     0 | D:1      | jasper the Troll Fighter began the quest for the Orb.
     0 | D:1      | Reached XP level 1. HP: 22/22 MP: 0/0
   145 | D:1      | Found Vosoros's Magic Scroll Shop.
   189 | D:1      | Reached XP level 2. HP: 22/29 MP: 1/1
   226 | D:1      | Found a faded altar of an unknown god.
   446 | D:1      | Reached XP level 3. HP: 36/36 MP: 2/2
   911 | D:2      | Reached skill level 3 in Unarmed Combat
  1347 | D:3      | Reached XP level 4. HP: 44/44 MP: 3/3
  1444 | D:3      | Noticed a scorpion
  1453 | D:3      | Killed a scorpion
  1454 | D:3      | Reached XP level 5. HP: 42/53 MP: 4/4
  1799 | D:3      | Found a hide-covered altar of Uskayaw.
  1801 | D:3      | Found a bloodstained altar of Trog.
  1868 | D:3      | Reached skill level 1 in Throwing
  1887 | D:3      | Reached skill level 4 in Unarmed Combat
  1950 | D:3      | Reached XP level 6. HP: 46/61 MP: 5/5
  2748 | D:4      | Found a hazy altar of Hepliaklqana.
  2954 | D:4      | Learned a level 2 spell: Blink
  2980 | D:5      | Entered Level 5 of the Dungeon
  3145 | D:5      | Noticed a water moccasin
  3163 | D:5      | Killed a water moccasin
  3164 | D:5      | Reached skill level 5 in Unarmed Combat
  3164 | D:5      | Reached XP level 7. HP: 56/67 MP: 6/6
  3330 | D:5      | Learned a level 1 spell: Beastly Appendage
  3333 | D:5      | Learned a level 2 spell: Wereblood
  3870 | D:6      | Found a snail-covered altar of Cheibriados.
  3887 | D:6      | Noticed a steam dragon
  3986 | D:7      | Reached XP level 8. HP: 53/76 MP: 7/7
  3996 | D:7      | Reached skill level 6 in Unarmed Combat
  4577 | D:7      | Reached skill level 5 in Shields
  4577 | D:7      | Reached skill level 7 in Unarmed Combat
  4829 | D:7      | Found a staircase to the Ecumenical Temple.
  5391 | D:8      | Reached XP level 9. HP: 83/87 MP: 8/8
  5559 | D:8      | Reached skill level 5 in Fighting
  5564 | D:8      | Paralysed by a hornet for 3 turns
  5569 | D:8      | Reached skill level 5 in Dodging
  5569 | D:8      | Reached skill level 8 in Unarmed Combat
  5928 | D:9      | Paralysed by an orc warrior for 4 turns
  6053 | D:9      | You are sucked into a shaft and drop 2 floors!
  6109 | D:11     | Noticed a cyan ugly thing
  6137 | D:11     | Killed a cyan ugly thing
  6138 | D:11     | Reached skill level 9 in Unarmed Combat
  6262 | D:11     | Reached XP level 10. HP: 98/98 MP: 9/9
  6519 | D:11     | Found a staircase to the Lair.
  6520 | D:11     | Noticed a boulder beetle
  6533 | D:11     | Killed a boulder beetle
  6534 | D:11     | Reached skill level 10 in Unarmed Combat
  6585 | Lair:1   | Entered Level 1 of the Lair of Beasts
  6686 | Lair:1   | Noticed a cane toad
  6697 | Lair:1   | Killed a cane toad
  6709 | Lair:1   | Noticed a cane toad
  6726 | Lair:1   | Killed a cane toad
  6837 | Lair:2   | Noticed a black mamba
  6854 | Lair:1   | Reached XP level 11. HP: 100/107 MP: 10/10
  7008 | Lair:1   | Noticed an oklob plant
  7039 | Lair:2   | Reached skill level 11 in Unarmed Combat
  7211 | Lair:3   | Noticed Nessos
  7214 | Lair:4   | Found a staircase to the Slime Pits.
  7227 | Slime:1  | Entered Level 1 of the Pits of Slime
  7227 | Slime:1  | Noticed an azure jelly
  7348 | Lair:4   | Noticed a skyshark
  7388 | Lair:4   | Killed a skyshark
  7421 | Lair:5   | Entered Level 5 of the Lair of Beasts
  7421 | Lair:5   | Found a shimmering altar of Xom.
  7457 | Lair:5   | Noticed a death yak
  7459 | Lair:5   | Noticed a death yak
  7507 | Lair:4   | Noticed an eight-headed hydra
  7531 | Lair:4   | Killed an eight-headed hydra
  7532 | Lair:4   | Reached skill level 12 in Unarmed Combat
  7691 | Lair:3   | HP: 5/109 [Nessos/arrow (9)]
  7692 | Lair:3   | Succumbed to Nessos's poison

Illustrated notes

Levels and vault maps discovered:
D:1:      dpeg_arrival_ratfight, layout_basic, serial_shops,
          nicolae_shop_tiny_waterfront, hellmonk_ecumenical_altar_heavens_door
D:2:      wad_crossroads, layout_basic
D:3:      minmay_bubble_buster, layout_loops_ring,
          chequers_temple_overflow_statue_of_worship
D:4:      layout_loops_ring, mainiacjoe_overflow_alcove_4
D:5:      layout_loops_ring, chequers_decorated_corner
D:6:      layout_basic, mainiacjoe_overflow_brackets,
          mainiacjoe_overflow_cross_hatched, mainiacjoe_overflow_chevrons,
          nicolae_ossuary_entry_plus
D:7:      layout_layer_cave, minmay_temple_entry_statues_fountains
D:8:      layout_basic, columned_hall_lemuel
D:9:      layout_long_grid, kennysheep_little_box, uniq_prince_ribbit1
D:11:     layout_roguey, erik_lair_orcish_takeover, interstate_on_off
Lair:1:   layout_hall_layers, gammafunk_ghost_abyssal_escape,
          minmay_lair_oklob_bushes
Lair:2:   layout_cave_pods, elwin_shoals_entry_rooms,
          infiniplex_staircase_pool_2, grunt_megastairs_5, uniq_urug
Lair:3:   layout_loops_ring, hellmonk_spider_entry_life_and_decay,
          kilobyte_rumbling_trees, uniq_nessos
Lair:4:   layout_regular_city, slime_entry_1, chequers_serial_rivers_small_b,
          beast_lair_carwin_9, grunt_megastairs_4
Lair:5:   hellmonk_lair_end_abyssal_woods, layout_regular_city, enter_volcano_3,
          basic_altar
Slime:1:  layout_caves

Skill      XL: |  1  2  3  4  5  6  7  8  9 10 11 |
---------------+----------------------------------+-----
Shields        | 3 4 5 6 7 8 |  8.1
Unarmed Combat | 3 4 5 7 9 10 12 | 12.0
Fighting       | 3 4 5 6 7 |  7.4
Dodging        | 3 4 5 6 7 |  7.4
Throwing       | 1 2 3 |  3.0

Action                     |  1- 3 |  4- 6 |  7- 9 | 10-12 || total
---------------------------+-------+-------+-------+-------++-------
  Melee: Unarmed           |    94 |   162 |   215 |   193 ||   664
  Throw: Dart              |       |    11 |    16 |    12 ||    39
  Evoke: Wand              |       |       |     8 |    12 ||    20
    Use: Potion            |       |     2 |     5 |     2 ||     9
         Scroll            |       |       |    16 |    11 ||    27
   Stab: Paralysed         |       |       |     4 |     7 ||    11
 Armour: Robe              |    35 |    40 |    29 |       ||   104
         Steam dragon scal |       |       |    23 |    65 ||    88
  Dodge: Dodged            |    25 |    42 |    92 |   154 ||   313
  Block: Kite shield       |    32 |    44 |    99 |   159 ||   334

Table legend: (Time is in decaauts)
 A = Elapsed time spent in this place.
 B = Non-inter-level travel time spent in this place.
 C = Inter-level travel time spent in this place.
 D = Time resting spent in this place.
 E = Time spent auto-exploring this place.
 F = Levels seen in this place.
 G = Mean time per level.
                   A        B        C        D        E       F      G
               +--------+--------+--------+--------+--------+-----+--------+
         Total |   7696 |   7358 |    338 |    541 |   4948 |  16 |  481.0 |
       Dungeon |   6601 |   6380 |    221 |    303 |   4625 |  10 |  660.1 |
          Lair |   1093 |    976 |    117 |    238 |    323 |   5 |  218.6 |
    Slime Pits |      1 |      1 |      0 |      0 |      0 |   1 |    1.0 |
               +--------+--------+--------+--------+--------+-----+--------+

Top non-repeatable levels by time:
     D:7: 1303 daAuts
     D:3: 975 daAuts
     D:5: 888 daAuts
     D:4: 709 daAuts
     D:8: 658 daAuts
     D:1: 658 daAuts
     D:2: 655 daAuts
    D:11: 526 daAuts
  Lair:1: 439 daAuts
  Lair:4: 404 daAuts
     D:9: 197 daAuts
  Lair:3: 110 daAuts
  Lair:2: 88 daAuts
  Lair:5: 50 daAuts
     D:6: 28 daAuts
